Map: Torres Crepusculares

Players

TheZergLord - Winner!

  • Race: Zerg Zerg
  • League: Master

Zlatan

  • Race: Zerg Zerg
  • League: Master

VOD

Have the link to the VOD?

Description

Time

  • Played on: May 5, 2016, 1:32 p.m.
  • Length: 4:26
Show
View Real Time Build Order
Export as new Build Order

TheZergLord Zerg - Winner!

Build Orders: Hatch First, Zergling Baneling 

Get SALT Encoding   

  12  0:01  Drone  
  13  0:13  Overlord  
  13  0:17  Drone  
  14  0:32  Drone x2  
  14  0:35  Drone  
  17  0:53  Hatchery  
  17  0:55  Drone  
  17  1:09  Spawning Pool  
  16  1:13  Extractor  
  16  1:15  Drone  
  16  1:19  Drone  
  16  1:22  Drone  
  18  1:29  Drone  
  19  1:39  Overlord  
  19  1:56  Queen  
  19  1:57  Zergling x2  
  19  2:00  Drone  
  23  2:04  Queen  
  23  2:05  Drone  
  26  2:11  Drone  
  26  2:15  Metabolic Boost  
  27  2:18  Drone  
  28  2:23  Drone  
  29  2:32  Zergling x2  
  30  2:38  Baneling Nest  
  30  2:41  Zergling x4  
  31  2:46  Overlord  
  31  2:48  Overlord  
  29  2:59  Extractor  
  29  3:06  Zergling x10  
  29  3:12  Zergling x4  
  36  3:16  Zergling x4  
  36  3:17  Zergling x2  
  39  3:21  Zergling x2  
  40  3:35  Zergling x6  
  43  3:43  Zergling x2  
  43  3:45  Baneling x7  
  44  3:50  Baneling  
  44  3:56  Overlord x2  
Show
View Real Time Build Order
Export as new Build Order

Zlatan Zerg 

Build Orders: Pool First 

Get SALT Encoding   

  12  0:01  Drone  
  13  0:12  Overlord  
  13  0:18  Drone  
  14  0:32  Drone x2  
  14  0:35  Drone  
  17  0:46  Extractor  
  17  0:49  Spawning Pool  
  15  0:50  Drone  
  15  0:56  Drone  
  17  1:14  Hatchery  
  17  1:17  Drone  
  17  1:21  Drone  
  18  1:37  Queen, Zergling x2  
  21  1:40  Zergling x2  
  22  1:50  Metabolic Boost  
  22  1:54  Overlord  
  22  2:15  Queen, Baneling Nest  
  23  2:17  Drone  
  23  2:19  Drone  
  25  2:36  Drone x2  
  27  2:38  Drone  
  27  2:39  Drone  
  29  2:51  Zergling x4  
  29  2:52  Zergling x6  
  32  3:07  Zergling x4  
  34  3:17  Queen  
  34  3:19  Overlord  
  36  3:39  Hatchery, Baneling x2  
  36  3:40  Zergling x8  
  39  3:45  Drone x2  
  39  3:51  Baneling x2  
Tags
 
Add a new tag
Caveats
  • Supply blocks, unpowered buildings, or Contaminate may cause inaccurate times.
  • Supply counts are checked every 10 seconds.